 Dungeon Sprint DCSS version 0.22.1-1-ga44c0e56f4 (webtiles) character file.

449 Freyura the Fighter (level 7, 0/52 HPs)
             Began as a Gargoyle Monk on Oct 5, 2018.
             Was a Believer of Dithmenos.
             Slain by a slime creature (17 damage)
             ... in the Dungeon (Sprint I: "Red Sonja") on Oct 6, 2018.
             The game lasted 00:05:56 (732 turns).

Freyura the Fighter (Gargoyle Monk)                  Turns: 732, Time: 00:05:56

Health: 0/52       AC:  6    Str: 14    XL:     7   Next: 4%
Magic:  7/7        EV: 16    Int: 11    God:    Dithmenos [**....]
Gold:   243        SH:  0    Dex: 14    Spells: 6/6 levels left

rFire    . . .     SeeInvis .   a - +0 mace
rCold    . . .     Gourm    .   (no shield)
rNeg     + . .     Faith    .   b - +0 robe
rPois    ∞         Spirit   .   (no helmet)
rElec    +         Reflect  .   (no cloak)
rCorr    .         Harm     .   (no gloves)
MR       .....     NoTele   +   (no boots)
Stlth    ++++......             (no amulet)
HPRegen  0.17/turn              (no ring)
MPRegen  0.10/turn              (no ring)

@: wreathed by umbra
A: negative energy resistance 1, electricity resistance, unbreathing,
petrification resistance, rot immunity, AC +4
a: Shadow Step, Renounce Religion


You were in the Dungeon.
You worshipped Dithmenos.
Dithmenos was pleased with you.
You were not hungry.

You visited 1 branch You collected 243 gold pieces.

Inventory:

Hand Weapons
 a - a +0 mace (weapon)
 k - a +0 dagger
Armour
 b - a +0 robe (worn)
Wands
 j - a wand of polymorph (10)
Scrolls
 f - a scroll of brand weapon {unknown}
 i - a scroll of blinking
Potions
 d - a potion of curing
 e - a potion of haste
 g - 2 potions of magic
Comestibles
 c - a ration


   Skills:
 + Level 10.0 Fighting
 * Level 2.4 Short Blades
 - Level 5.9 Maces & Flails
 + Level 7.2 Dodging
 + Level 7.4 Stealth


You had 6 spell levels left.
You didn't know any spells.
Your spell library was empty.

Dungeon Overview and Level Annotations

Branches:
Dungeon (1/1)

Altars:
Cheibriados
Dithmenos
Elyvilon
Fedhas
Gozag
Hepliaklqana
Kikubaaqudgha
Makhleb
Nemelex Xobeh
Okawaru
Qazlal
Ru
Sif Muna
Trog
Uskayaw
Vehumet
Wu Jian
Xom
Yredelemnul
Zin
The Shining One
Jiyva
Lugonu

Shops:
D :


Innate Abilities, Weirdness & Mutations

You are resistant to torment.
Your stone body is resilient. (AC +4)
You are immune to poison.
You resist negative energy. (rN+)
You are resistant to electric shocks. (rElec)
You can survive without breathing.
You are immune to petrification.
You are immune to rotting.


Message History

The slime creature closely misses you. The slime creature hits you.
You thump the slime creature!
The slime creature is severely wounded.
The slime creature hits you!
You hit the slime creature.
The slime creature is almost dead.
The slime creature hits you!
You barely miss the slime creature.
The slime creature is severely wounded.
The slime creature misses you.
You barely miss the slime creature.
The slime creature is severely wounded.
The slime creature closely misses you.
You barely miss the slime creature.
The slime creature is severely wounded.
The slime creature hits you but does no damage.
You hit the slime creature but do no damage.
The slime creature is severely wounded.
The slime creature hits you!
You die...

###################
#<.#..)..#.)'..#__#
#..'..#..'..#..'@J+
#..#####+#####'#__#
#..#### #...#[####
#..#__####..##.#
#[.#_____##'#_.+
#⌠⌠#_.∩..÷'..._#
####_..__##_.#'#
#_____###+#.#
####### ###


You could see a slime creature.

Vanquished Creatures
  A yak (D)
  Sigmund (D)
  An ogre (D)
  A jelly (D)
  Ijyb (D)
5 creatures vanquished.

Vanquished Creatures (others)
  A gargoyle (D)
1 creature vanquished.

Grand Total: 6 creatures vanquished

Notes
Turn   | Place    | Note
-------+----------+-------------------------------------------
     0 | D        | Freyura the Gargoyle Monk began the quest for the Orb.
     0 | D        | Reached XP level 1. HP: 14/14 MP: 1/1
     1 | D        | Noticed Ijyb
    40 | D        | Killed Ijyb
    40 | D        | Reached skill level 4 in Fighting
    40 | D        | Reached XP level 2. HP: 9/20 MP: 2/2
    40 | D        | Reached XP level 3. HP: 11/25 MP: 3/3
   214 | D        | Noticed an ogre
   220 | D        | Killed an ogre
   220 | D        | Reached skill level 7 in Fighting
   220 | D        | Reached skill level 1 in Short Blades
   220 | D        | Reached skill level 5 in Dodging
   220 | D        | Reached XP level 4. HP: 34/34 MP: 4/4
   262 | D        | Noticed Sigmund
   272 | D        | Killed a gargoyle
   300 | D        | Killed Sigmund
   300 | D        | Reached skill level 9 in Fighting
   300 | D        | Reached skill level 5 in Stealth
   300 | D        | Reached XP level 5. HP: 27/41 MP: 5/5
   300 | D        | Reached XP level 6. HP: 31/46 MP: 6/6
   412 | D        | Found an ornate altar of the Wu Jian Council.
   412 | D        | Found a deep blue altar of Sif Muna.
   414 | D        | Found a radiant altar of Vehumet.
   420 | D        | Found Wuoxzidgh's Book Emporium.
   420 | D        | Found an ancient bone altar of Kikubaaqudgha.
   420 | D        | Found a hazy altar of Hepliaklqana.
   420 | D        | Found a stormy altar of Qazlal.
   420 | D        | Found a hide-covered altar of Uskayaw.
   420 | D        | Found a blossoming altar of Fedhas.
   420 | D        | Found a bloodstained altar of Trog.
   420 | D        | Found an iron altar of Okawaru.
   420 | D        | Found a basalt altar of Yredelemnul.
   420 | D        | Found a glowing golden altar of the Shining One.
   420 | D        | Found a snail-covered altar of Cheibriados.
   420 | D        | Found a sacrificial altar of Ru.
   420 | D        | Found a glowing silver altar of Zin.
   420 | D        | Found a shadowy altar of Dithmenos.
   420 | D        | Found a white marble altar of Elyvilon.
   420 | D        | Noticed a yak
   421 | D        | Found an opulent altar of Gozag.
   451 | D        | Killed a yak
   451 | D        | Reached skill level 10 in Fighting
   451 | D        | Reached skill level 5 in Maces & Flails
   451 | D        | Reached XP level 7. HP: 10/52 MP: 7/7
   452 | D        | Found a sparkling altar of Nemelex Xobeh.
   458 | D        | Became a worshipper of Dithmenos the Shadowed
   458 | D        | Reached * piety under Dithmenos
   458 | D        | Reached ** piety under Dithmenos
   716 | D        | Found a burning altar of Makhleb.
   716 | D        | Found a viscous altar of Jiyva.
   716 | D        | Found a shimmering altar of Xom.
   716 | D        | Found a corrupted altar of Lugonu.
   716 | D        | Noticed a slime creature
   732 | D        | Slain by a slime creature

Skill      XL: |  1  2  3  4  5  6 |
---------------+-------------------+-----
Fighting       | 4 7 9 10 | 10.0
Maces & Flails | 4 5 |  5.9
Dodging        | 3 5 6 7 |  7.2
Short Blades   | 1 2 |  2.4
Stealth        | 4 5 7 |  7.4

Action                   |  1- 3 |  4- 6 |  7- 9 || total
-------------------------+-------+-------+-------++-------
Melee: Mace              |    13 |     7 |    12 ||    32
       Unarmed           |     1 |       |       ||     1
       Dagger            |     5 |    51 |     1 ||    57
  Use: Potion            |     1 |     2 |       ||     3
 Stab: Sleeping          |     1 |     3 |     1 ||     5
Armor: Robe              |     4 |     3 |     1 ||     8
Dodge: Dodged            |     7 |    29 |     7 ||    43
